 Dungeon Crawl Stone Soup version 0.32-a0-834-geaf45d8e21 (webtiles) character file.

Game seed: 14552259999803024191

77630 hikkokomori the Covert (level 15, -7/135 HPs)
             Began as a Naga Alchemist on Mar 25, 2024.
             Was a High Priest of Vehumet.
             Mangled by Wuelaos's ghost (10 damage)
             ... on level 5 of the Lair of Beasts.
             The game lasted 01:05:53 (19475 turns).

hikkokomori the Covert (Naga Alchemist)            Turns: 19475, Time: 01:05:53

Health: -7/135     AC: 16    Str: 10    XL:     15   Next: 57%
Magic:  17/29      EV: 10    Int: 33    God:    Vehumet [*****.]
Gold:   856        SH:  5    Dex: 14    Spells: 3/34 levels left

rFire   . . .        K - +7 dagger "Inkeckoe" {flame, Fly Int+5}
rCold   . . .        d - +0 buckler
rNeg    . . .        n - +2 robe {Will+}
rPois   +            c - +0 helmet
rElec   +            y - scarf of Fedhas's Whim {repulsion, ^Contam rElec Int+7 Stlth-}
rCorr   .            S - +2 pair of gloves
SInv    +            (no barding)
Will    ++...        t - amulet of magic regeneration
Stlth   ++++         k - +4 ring of protection
HPRegen 0.42/turn    T - +4 ring of slaying
MPRegen 0.61/turn

%: repel missiles
@: about to teleport, flying, very slow
A: AC +5, large, see invisible, deformed body, poison resistance, slowness 2,
spit poison 1, naga tail 2
a: Spit Poison, Renounce Religion


You were on level 5 of the Lair of Beasts.
You worshipped Vehumet.
Vehumet was extremely pleased with you.
You visited 5 branches of the dungeon, and saw 19 of its levels.

You collected 1353 gold pieces.
You spent 497 gold pieces at shops.

Inventory:

Hand Weapons
 z - the +9 flail "Nesarul" {venom, rElec Int+3 Dex+2}
   (You found it on level 5 of the Dungeon)

   Int+3:     It affects your intelligence (+3).
   Dex+2:     It affects your dexterity (+2).
   rElec:     It insulates you from electricity.
 K - the +7 dagger "Inkeckoe" (weapon) {flame, Fly Int+5}
   (You found it on level 6 of the Dungeon)

   Int+5:     It affects your intelligence (+5).
   Fly:       It grants you flight.
Armour
 c - a +0 helmet (worn)
 d - a +0 buckler (worn)
 n - a +2 robe of willpower (worn)
 y - the scarf of Fedhas's Whim (worn) {repulsion, ^Contam rElec Int+7 Stlth-}
   (You found it on level 5 of the Dungeon)

   Int+7:     It affects your intelligence (+7).
   rElec:     It insulates you from electricity.
   ^Contam:   It causes magical contamination when unequipped.
   Stlth-:    It makes you less stealthy.
 S - a +2 pair of gloves (worn)
 X - a +1 robe of resistance
Jewellery
 k - a +4 ring of protection (left hand)
 o - a ring of ice
 t - an amulet of magic regeneration (around neck)
 H - the amulet of Monotheism {Spirit Will+ Dex+3 Stlth+}
   (You found it on level 6 of the Dungeon)

   [amulet of guardian spirit]

   Spirit:    It causes incoming damage to be divided between your reserves of
   health and magic.
   Dex+3:     It affects your dexterity (+3).
   Will+:     It increases your willpower.
   Stlth+:    It makes you more stealthy.
 N - a ring of protection from cold
 T - a +4 ring of slaying (right hand)
Talismans
 u - a flux talisman
Wands
 v - a wand of roots (4)
 w - a wand of paralysis (26)
 E - a wand of flame (55)
 J - a wand of acid (29)
 L - a wand of mindburst (6)
 O - a wand of polymorph (14)
 P - a wand of digging (4)
Scrolls
 a - a scroll of brand weapon {unknown}
 e - 2 scrolls of vulnerability {unknown}
 i - 2 scrolls of enchant weapon {unknown}
 j - 7 scrolls of teleportation
 l - a scroll of noise {unknown}
 p - 5 scrolls of enchant armour
 x - 2 scrolls of amnesia
 C - 2 scrolls of fear
 D - 2 scrolls of blinking {unknown}
 G - a scroll of acquirement {unknown}
 Q - a scroll of immolation {unknown}
 R - 2 scrolls of poison {unknown}
 Y - a scroll of revelation
 Z - 3 scrolls of fog
Potions
 b - 9 potions of curing
 f - 2 potions of enlightenment
 h - 3 potions of might
 m - 2 potions of brilliance
 q - 3 potions of ambrosia
 r - 3 potions of magic
 s - 2 potions of resistance
 A - a potion of berserk rage
 B - 4 potions of mutation
 F - a potion of invisibility
 I - a potion of haste {unknown}
 M - 3 potions of attraction
Miscellaneous
 U - a phial of floods
 V - a phantom mirror
 W - a condenser vane


   Skills:
 - Level 9.0 Fighting
 - Level 5.0 Short Blades
 - Level 3.1 Maces & Flails
 + Level 5.5 Dodging
 - Level 13.0 Stealth
 - Level 5.0 Shields
 + Level 10.4 Spellcasting
 - Level 4.0 Conjurations
 - Level 7.0 Fire Magic
 - Level 5.0 Ice Magic
 - Level 12.0 Air Magic
 - Level 8.0 Alchemy
 - Level 10.2 Evocations
 - Level 4.0 Shapeshifting


You had 3 spell levels left.
You knew the following spells:

 Your Spells              Type           Power      Damage    Failure   Level
a - Sting                 Conj/Alch      100%       1d9       1%          1
b - Mephitic Cloud        Conj/Alch/Air  63%        N/A       1%          3
c - Olgreb's Toxic Radia  Alch           63%        N/A       1%          4
d - Frozen Ramparts       Ice            100%       1d16      1%          3
e - Freezing Cloud        Conj/Ice/Air   29%        6-21      1%          5
f - Sticky Flame          Fire/Alch      61%        2d10      1%          4
g - Arcjolt               Conj/Air       31%        1d41      1%          5
h - Plasma Beam           Fire/Air       34%        2x1d47    3%          6

Your spell library contained the following spells:

 Spells                   Type           Power      Damage    Failure   Level
 Starburst                Conj/Fire      26%        6d8       16%         6
 Freeze                   Ice            100%       1d10      1%          1
 Kiss of Death            Conj/Necr      100%       2d13      1%          1
 Mercury Vapours          Alch/Air       100%       N/A       1%          2
 Hailstorm                Conj/Ice       46%        3d10      1%          3
 Summon Ice Beast         Ice/Summ       33%        N/A       4%          3
 Call Canine Familiar     Summ           17%        N/A       12%         3
 Confusing Touch          Hex            17%        N/A       12%         3
 Gell's Gravitas          Tloc           17%        N/A       12%         3
 Sigil of Binding         Hex            17%        N/A       12%         3
 Teleport Other           Tloc           17%        N/A       12%         3
 Vhi's Electric Charge    Tloc/Air       100%       N/A       3%          4
 Dimensional Bullseye     Hex/Tloc       8%         N/A       36%         4
 Dispel Undead            Necr           17%        3d10      36%         4
 Manifold Assault         Tloc           17%        N/A       36%         4
 Summon Mana Viper        Hex/Summ       17%        N/A       71%         5
 Dispersal                Tloc           8%         N/A       99%         6
 Malign Gateway           Summ/Tloc      8%         N/A       100%        7
 Monstrous Menagerie      Summ           8%         N/A       100%        7
 Disjunction              Tloc           8%         N/A       100%        8


Dungeon Overview and Level Annotations

Branches:
Dungeon (10/15)            Temple (1/1) D:5            Lair (5/5) D:8
  Swamp (0/4) Lair:2       Spider (0/4) Lair:2        Slime (0/5) Lair:5
    Orc (2/2) D:10            Elf (1/3) Orc:2

Altars:
Ashenzari
Cheibriados
Dithmenos
Elyvilon
Fedhas
Gozag
Hepliaklqana
Kikubaaqudgha
Makhleb
Nemelex Xobeh
Okawaru
Qazlal
Ru
Sif Muna
Trog
Uskayaw
Vehumet
Wu Jian
Xom
Yredelemnul
Zin
The Shining One
Jiyva

Shops:
D:9 *   Orc:2 (*?*

Annotations:
Lair:5 exclusion: player ghost, Wuelaos's ghost, journeyman DrBe


Innate Abilities, Weirdness & Mutations

Your serpentine skin is tough. (AC +5)
You have supernaturally acute eyesight. (SInv)
Armour fits poorly on your strangely shaped body.
Your system is resistant to poisons. (rPois)
You cover ground very slowly.
You can spit poison.
You can use your snake-like lower body to constrict enemies.


Message History

The 14-headed hydra is severely wounded.
Wuelaos's ghost is struck by an electric surge.
The 13-headed hydra is struck by an electric surge!
The 13-headed hydra is severely wounded.
Wuelaos's ghost is engulfed in freezing vapours.
Wuelaos's ghost hits you!!
* * * LOW HITPOINT WARNING * * *
Wuelaos's ghost burns you.
* * * LOW HITPOINT WARNING * * *
The ten-headed hydra is engulfed in freezing vapours.
You kill the ten-headed hydra!
Vehumet accepts your kill.
You feel your power returning.
The 14-headed hydra is engulfed in freezing vapours.
As you read the scroll of teleportation, it crumbles to dust.
You feel strangely unstable.
Wuelaos's ghost is engulfed in freezing vapours.
You block Wuelaos's ghost's attack.
The 14-headed hydra is engulfed in freezing vapours.
The 14-headed hydra barely misses you. The 14-headed hydra bites you.
* * * LOW HITPOINT WARNING * * *
The 14-headed hydra closely misses you.
The 14-headed hydra bites you but does no damage.
The 14-headed hydra bites you!
* * * LOW HITPOINT WARNING * * *
The 14-headed hydra bites you but does no damage.
The 14-headed hydra bites you.
* * * LOW HITPOINT WARNING * * *
The 14-headed hydra bites you but does no damage.
The 14-headed hydra bites you.
* * * LOW HITPOINT WARNING * * *
The 14-headed hydra bites you but does no damage.
The 14-headed hydra bites you.
* * * LOW HITPOINT WARNING * * *
The 14-headed hydra closely misses you.
The 14-headed hydra bites you but does no damage. x2
You feel much better. Wuelaos's ghost hits you!!
* * * LOW HITPOINT WARNING * * *
Wuelaos's ghost burns you!
You die...

##....##.....~##~~#~#~#~ß.~~~~~#P
##...'..+.....##.~#~~~~P~~.~~~P~~
#.....#.......~~~~##~##~~~###~#~~
#.............~~~~~.~~~~~~~.~~~~~
########...÷..##~÷##~~##~~#~~~##~
.##.#.#.#(....##~.##~~~#~~#~~.##~
.##...P......~..÷§§.§~.~..~.~~...
.................§§§§............
.÷..............@D§§.............
.÷.÷.÷....÷....##W''##...........
÷÷÷.÷.÷...÷÷..##D§§..##..........
.#.##..#....÷##♣.§§...#..........
########....## ♣.§§.$~#÷..[.#....
.#P.#####....##♣...§!.#..########
#......#......##~..$~##.#...#...#
.P......#.....'##.~~##..........#
..<....##.....#.# ###....#.......


You could see a 14-headed hydra, a 13-headed hydra (slow) and Wuelaos's ghost.

Vanquished Creatures
  Jorgrun (Orc:1)
  The ghost of DeathSocks the Jinx, an adept VSMo of Yredelemnul (Lair:3)
  Nessos (Lair:3)
  Snorg (Lair:5)
  3 hydras
  2 centaur warriors
  Erica (D:8)
  An ogre mage (D:10)
  3 two-headed ogres
  A dancing weapon (Orc:2)
  A merfolk avatar (Lair:5)
  3 orc high priests
  Urug (Lair:3)
  2 tengu warriors (D:10)
  12 death yaks
  Nergalle (Lair:3)
  2 deep elf knights (Elf:1)
  3 skysharks
  A goliath frog (Lair:2)
  A deep elf archer (Elf:1)
  A harpy (Lair:5)
  2 sea snakes (Lair:5)
  4 deep elf pyromancers
  2 spectral hydras (Lair:3)
  3 deep elf zephyrmancers (Elf:1)
  An orc knight (Orc:2)
  Pikel (D:7)
  An ugly thing (D:10)
  7 orc sorcerers
  2 cyclopes (D:10)
  5 manticores
  A kobold blastminer (Orc:2)
  A meliai (Lair:2)
  14 elephants
  4 black mambas
  16 cane toads
  A gargoyle (D:10)
  8 rime drakes
  Jeremiah (D:8)
  An efreet (D:10)
  10 komodo dragons
  Psyche (D:9)
  2 trolls
  4 polar bears
  A hornet (D:8)
  6 blink frogs (Lair:1)
  12 dream sheep (Lair:5)
  6 basilisks
  7 wyverns
  47 yaks
  2 wargs
  3 steam dragons
  17 water moccasins
  Duvessa (D:6)
  A swamp drake (Lair:2)
  2 black bears
  18 orc warriors
  2 black mamba simulacra (Lair:3)
  3 wolves (Lair:1)
  5 ogres
  A spectral rime drake (Lair:3)
  2 lemures (D:7)
  4 kobold brigands
  17 bullfrogs
  8 scorpions
  5 wights
  Dowan (D:6)
  17 killer bees
  2 electric eels (Lair:1)
  6 howler monkeys
  4 jellies
  A gnoll bouda (D:10)
  21 orc priests
  A hound (D:6)
  4 iguanas
  3 sleepcaps (D:5)
  Terence (D:3)
  27 orc wizards
  Robin (D:2)
  4 gnolls (D:10)
  12 adders
  A white imp (D:7)
  4 ufetubi (D:6)
  2 dart slugs
  39 orcs
  8 ball pythons
  9 bats
  3 endoplasms (D:4)
  2 giant cockroaches (D:1)
  23 goblins
  8 hobgoblins
  17 kobolds
  2 quokkas
  4 frilled lizards
  4 rats
536 creatures vanquished.

Vanquished Creatures (others)
  2 orcs (D:7)
2 creatures vanquished.

Grand Total: 538 creatures vanquished

Notes
Turn   | Place    | Note
-------+----------+-------------------------------------------
     0 | D:1      | hikkokomori the Naga Alchemist began the quest for the Orb.
     0 | D:1      | Reached XP level 1. HP: 15/15 MP: 3/3
   280 | D:1      | Reached XP level 2. HP: 22/22 MP: 3/5
   500 | D:1      | You fall into a shaft and drop 1 floor!
   599 | D:2      | Noticed Robin
   610 | D:2      | Reached XP level 3. HP: 20/28 MP: 1/6
   757 | D:2      | Reached skill level 4 in Stealth
   774 | D:2      | Killed Robin
   775 | D:2      | Reached XP level 4. HP: 16/36 MP: 0/7
  1649 | D:1      | Learned a level 3 spell: Mephitic Cloud
  1654 | D:1      | Learned a level 4 spell: Olgreb's Toxic Radiance
  2411 | D:3      | Noticed Terence
  2421 | D:3      | Killed Terence
  2422 | D:3      | Reached XP level 5. HP: 41/42 MP: 5/9
  3186 | D:4      | Reached skill level 5 in Stealth
  3186 | D:4      | Reached skill level 1 in Air Magic
  3417 | D:4      | Reached skill level 5 in Alchemy
  3417 | D:4      | Reached XP level 6. HP: 49/49 MP: 5/10
  3752 | D:4      | Reached XP level 7. HP: 48/55 MP: 5/12
  3759 | D:4      | Reached skill level 6 in Stealth
  3856 | D:5      | Entered Level 5 of the Dungeon
  3925 | D:5      | Identified the scarf of Fedhas's Whim {repulsion, ^Contam
                  | rElec Int+7 Stlth-}
  3951 | D:5      | Learned a level 3 spell: Frozen Ramparts
  3961 | D:5      | Identified the +9 flail "Nesarul" {venom, rElec Int+3
                  | Dex+2}
  4084 | D:5      | Found a staircase to the Ecumenical Temple.
  4106 | Temple   | Entered the Ecumenical Temple
  4144 | Temple   | Became a worshipper of Vehumet
  4409 | D:5      | Reached skill level 1 in Maces & Flails
  4409 | D:5      | Reached skill level 1 in Ice Magic
  4666 | D:5      | Reached XP level 8. HP: 25/63 MP: 11/13
  5015 | D:6      | Reached skill level 1 in Fighting
  5116 | D:6      | Reached skill level 7 in Stealth
  5243 | D:6      | Noticed a komodo dragon
  5258 | D:6      | Killed a komodo dragon
  5698 | D:6      | Identified the amulet of Monotheism {Spirit Will+ Dex+3
                  | Stlth+}
  5719 | D:6      | Noticed Dowan
  5720 | D:6      | Noticed Duvessa
  5726 | D:6      | Killed Dowan
  5732 | D:6      | Killed Duvessa
  5883 | D:6      | Reached XP level 9. HP: 71/74 MP: 16/16
  5954 | D:6      | Identified the +7 dagger "Inkeckoe" {flame, Fly Int+5}
  6039 | D:6      | Learned a level 3 spell: Hailstorm
  6198 | D:7      | Noticed Pikel
  6208 | D:7      | Reached skill level 1 in Short Blades
  6208 | D:7      | Reached skill level 5 in Spellcasting
  6208 | D:7      | Killed Pikel
  6469 | D:7      | Learned a level 4 spell: Sticky Flame
  6571 | D:7      | Found a basalt altar of Yredelemnul.
  6592 | D:7      | Reached * piety under Vehumet
  6592 | D:7      | Offered knowledge of Foxfire by Vehumet.
  6601 | D:7      | Reached skill level 1 in Evocations
  6647 | D:7      | Found a glowing golden altar of the Shining One.
  6761 | D:8      | Reached skill level 1 in Fire Magic
  6769 | D:8      | Noticed a komodo dragon
  6840 | D:8      | Noticed a hornet
  6846 | D:8      | Killed a hornet
  6855 | D:8      | Reached skill level 5 in Fighting
  6855 | D:8      | Reached skill level 5 in Ice Magic
  6855 | D:8      | Reached XP level 10. HP: 83/88 MP: 14/17
  6878 | D:8      | Noticed Erica
  6889 | D:8      | Killed Erica
  7145 | D:8      | Offered knowledge of Static Discharge by Vehumet.
  7256 | D:8      | Reached ** piety under Vehumet
  7259 | D:8      | Reached skill level 5 in Short Blades
  7539 | D:8      | Noticed a two-headed ogre
  7548 | D:8      | Killed a two-headed ogre
  7602 | D:8      | Noticed Jeremiah
  7611 | D:8      | Killed Jeremiah
  7612 | D:8      | Reached skill level 5 in Evocations
  7768 | D:8      | Found a staircase to the Lair.
  8059 | D:9      | Noticed Psyche
  8063 | D:9      | Reached XP level 11. HP: 99/99 MP: 12/19
  8064 | D:9      | Killed Psyche
  8097 | D:9      | Found a sparkling altar of Nemelex Xobeh.
  8249 | D:9      | Noticed a two-headed ogre
  8259 | D:9      | Killed a two-headed ogre
  8640 | D:9      | Offered knowledge of Inner Flame by Vehumet.
  8733 | D:9      | Found Uvej's Assorted Antiques.
  8744 | D:9      | Noticed a centaur warrior
  8760 | D:9      | Killed a centaur warrior
  8959 | D:9      | Found an opulent altar of Gozag.
  8961 | D:9      | Found an ornate altar of the Wu Jian Council.
  8965 | D:9      | Found a glowing silver altar of Zin.
  8965 | D:9      | Found a broken altar of Ashenzari.
  8965 | D:9      | Found a bloodstained altar of Trog.
  8966 | D:9      | Found a shimmering altar of Xom.
  8967 | D:9      | Found a blossoming altar of Fedhas.
  8968 | D:9      | Found a hazy altar of Hepliaklqana.
  8969 | D:9      | Found a shimmering blue altar of Sif Muna.
  9024 | D:10     | Entered Level 10 of the Dungeon
  9136 | D:10     | Found a staircase to the Orcish Mines.
  9172 | D:10     | Found a hide-covered altar of Uskayaw.
  9228 | D:10     | Noticed a two-headed ogre
  9235 | D:10     | Killed a two-headed ogre
  9236 | D:10     | Reached skill level 8 in Stealth
  9476 | D:10     | Noticed a cyclops
  9480 | D:10     | Killed a cyclops
  9481 | D:10     | Noticed a manticore
  9483 | D:10     | Reached skill level 9 in Stealth
  9484 | D:10     | Killed a manticore
  9484 | D:10     | Noticed a cyclops
  9491 | D:10     | Identified the +1 halberd "Demonslayer" {flame, rN+ Will+
                  | Str+3}
  9491 | D:10     | Noticed a centaur warrior
  9492 | D:10     | Noticed an ogre mage
  9495 | D:10     | Killed a cyclops
  9496 | D:10     | Noticed a purple ugly thing
  9496 | D:10     | Noticed a tengu warrior
  9503 | D:10     | Noticed a tengu warrior
  9506 | D:10     | Killed a purple ugly thing
  9511 | D:10     | Killed an ogre mage
  9511 | D:10     | Killed a tengu warrior
  9512 | D:10     | Reached skill level 10 in Stealth
  9512 | D:10     | Reached XP level 12. HP: 81/109 MP: 19/24
  9520 | D:10     | Killed a centaur warrior
  9534 | D:10     | Killed a tengu warrior
  9699 | D:10     | Identified the +0 pair of gloves "Qovis" {-Cast rElec
                  | Regen+ Dex-3}
  9701 | D:10     | Got the Encyclopedia of Direction
  9778 | D:10     | Reached *** piety under Vehumet
  9858 | D:10     | Found a snail-covered altar of Cheibriados.
 10028 | D:10     | Learned a level 5 spell: Arcjolt
 10253 | Orc:1    | Entered Level 1 of the Orcish Mines
 10256 | Orc:1    | Offered knowledge of Brom's Barrelling Boulder by Vehumet.
 10543 | Lair:1   | Entered Level 1 of the Lair of Beasts
 10649 | Lair:1   | Reached skill level 5 in Air Magic
 11033 | Lair:1   | Reached **** piety under Vehumet
 11366 | Lair:1   | Offered knowledge of Dazzling Flash by Vehumet.
 11926 | Lair:2   | Gained mutation: You can use your snake-like lower body to
                  | constrict enemies. [Naga growth]
 11926 | Lair:2   | Reached XP level 13. HP: 102/115 MP: 24/26
 12127 | Lair:2   | Found a hole to the Spider Nest.
 12227 | Lair:2   | Reached skill level 10 in Air Magic
 12558 | Lair:2   | Learned a level 6 spell: Plasma Beam
 13047 | Lair:2   | Found a staircase to the Swamp.
 13314 | Orc:2    | Entered Level 2 of the Orcish Mines
 13325 | Orc:2    | Reached skill level 1 in Shapeshifting
 13337 | Orc:2    | Noticed Jorgrun
 13346 | Orc:1    | Killed Jorgrun
 13623 | Orc:2    | Found a staircase to the Elven Halls.
 13668 | Orc:2    | Found a radiant altar of Vehumet.
 13701 | Orc:2    | Paralysed by an orc sorcerer for 4 turns
 13709 | Orc:2    | Reached skill level 5 in Fire Magic
 13713 | Orc:2    | Reached ***** piety under Vehumet
 13717 | Orc:2    | Offered knowledge of Freezing Cloud by Vehumet.
 13721 | Orc:2    | Found Fumoe's Magic Scroll Boutique.
 13895 | Orc:2    | Found Sutatu's Weapon Shop.
 13897 | Orc:2    | Found Ucsyudou's General Store.
 13900 | Orc:2    | Found Weneori's General Store.
 13920 | Orc:2    | Bought a scroll of revelation for 120 gold pieces
 14300 | Orc:1    | Reached XP level 14. HP: 126/126 MP: 11/27
 14707 | Elf:1    | Entered Level 1 of the Elven Halls
 14721 | Elf:1    | Reached skill level 10 in Evocations
 15124 | Orc:2    | Bought a scroll of amnesia for 64 gold pieces
 15131 | Orc:2    | Learned a level 5 spell: Freezing Cloud
 15132 | Orc:2    | Bought a scroll of fog for 56 gold pieces
 15132 | Orc:2    | Bought a scroll of fear for 56 gold pieces
 15132 | Orc:2    | Bought a wand of mindburst (7) for 137 gold pieces
 15137 | Orc:2    | Bought a scroll of identify for 32 gold pieces
 15137 | Orc:2    | Bought a scroll of identify for 32 gold pieces
 15902 | Lair:3   | Noticed Urug
 15912 | Lair:3   | Killed Urug
 15920 | Lair:3   | Noticed Nergalle
 15924 | Lair:3   | Killed Nergalle
 15929 | Lair:3   | Reached skill level 1 in Shields
 16141 | Lair:3   | Found a runed translucent gate.
 16143 | Lair:3   | Found a runed translucent gate.
 16145 | Lair:3   | Found a runed translucent gate.
 16147 | Lair:3   | Noticed DeathSocks's ghost (adept VSMo)
 16287 | Lair:3   | Noticed Nessos
 16294 | Lair:3   | Killed Nessos
 16712 | Lair:3   | Killed DeathSocks's ghost
 16932 | Lair:4   | Reached skill level 11 in Stealth
 17773 | Lair:5   | Entered Level 5 of the Lair of Beasts
 17934 | Lair:5   | Reached skill level 12 in Stealth
 17936 | Lair:5   | Reached skill level 10 in Spellcasting
 17936 | Lair:5   | Offered knowledge of Starburst by Vehumet.
 17941 | Lair:5   | Reached XP level 15. HP: 93/135 MP: 26/29
 17966 | Lair:5   | Reached skill level 13 in Stealth
 18178 | Lair:5   | Reached skill level 5 in Shields
 18183 | Lair:5   | Found a runed translucent gate.
 18202 | Lair:5   | Noticed Wuelaos's ghost (journeyman DrBe)
 18260 | Lair:5   | Found a runed translucent gate.
 18262 | Lair:5   | Found a runed translucent gate.
 18629 | Lair:5   | Noticed Snorg
 18637 | Lair:5   | Killed Snorg
 18769 | Lair:5   | Reached skill level 5 in Dodging
 19250 | Lair:5   | Found a viscous altar of Jiyva.
 19250 | Lair:5   | Found a staircase to the Slime Pits.
 19475 | Lair:5   | HP: 3/135 [Wuelaos's ghost (29)]
 19475 | Lair:5   | Mangled by Wuelaos's ghost

Illustrated notes

Levels and vault maps discovered:
D:1:      lightli_arrival_flooded_house, layout_loops_ring
D:2:      layout_rooms, uniq_robin
D:3:      layout_basic, chequers_serial_rivers_micro_d,
          chequers_serial_rivers_small_b, nicolae_twisty_statue_hallways,
          uniq_terence
D:4:      old_forge, layout_rooms
D:5:      layout_loops_corners, minmay_temple_entry_statues_pillars,
          hellmonk_no_cap
D:6:      layout_loops_corners, uniq_duvessa
D:7:      layout_basic, grunt_temple_overflow_holy_war, uniq_pikel
D:8:      layout_cave_pools, due_lair_maze_entry_diamond, uniq_erica,
          uniq_jeremiah
D:9:      layout_loops_ring, minitemple, mainiacjoe_overflow_alcove_1,
          serial_shops, kennysheep_mini_moat, uniq_psyche
D:10:     minmay_the_grid_triangle_9x9_recursive_2_mashed
          [minmay_the_grid_triangle_9x9_prize_center,
          minmay_the_grid_triangle_9x9_limited_checkers,
          minmay_the_grid_triangle_9x9_shrine,
          minmay_the_grid_triangle_9x9_intruding_spiral], layout_basic,
          overflow_temple_1_default, chei_slow_surprise, orc_0_dummy,
          serial_corexii_hall, corexii_hall_statues_l, chequers_hall_statues_y
Temple:   nicolae_temple_godpark
Lair:1:   layout_small_grid, serial_bayou_shore_a
Lair:2:   layout_loops_ring, mainiacjoe_swamp_entry_lozenge_pond,
          hellmonk_spider_entry_not_the_bees, grunt_megastairs_1
Lair:3:   layout_roguey, gammafunk_ghost_necromancy, minivault_24, uniq_nessos,
          uniq_nergalle, uniq_urug
Lair:4:   layout_regular_city, grunt_megastairs_2
Lair:5:   gammafunk_lair_ancient_temple, layout_regular_city, slime_entry_1,
          gammafunk_ghost_hydra_chop, uniq_snorg
Orc:1:    layout_caves, regret_index_minedec_shroomtown_chain
Orc:2:    st_orc_mages, layout_diamond_mine, basic_altar, uniq_jorgrun
Elf:1:    minmay_elf_arrival_plus, layout_geoelf_diagonals,
          nicolae_elf_blasts_and_bolts, hellmonk_sif_muna_bookshelves

Skill      XL: |  1  2  3  4  5  6  7  8  9 10 11 12 13 14 15 |
---------------+----------------------------------------------+-----
Alchemy        | 4 5 6 7 8 |  8.0
Stealth        | 4 5 6 7 10 12 13 | 13.0
Conjurations   | 2 3 4 |  4.0
Spellcasting   | 3 4 5 8 9 10 | 10.4
Air Magic      | 1 2 3 9 12 | 12.0
Maces & Flails | 1 3 |  3.1
Ice Magic      | 1 3 5 |  5.0
Fighting       | 2 5 6 7 8 9 |  9.0
Short Blades   | 3 5 |  5.0
Evocations     | 2 5 8 9 10 | 10.2
Fire Magic     | 2 4 5 7 |  7.0
Shapeshifting  | 3 4 |  4.0
Shields        | 4 5 |  5.0
Dodging        | 5 |  5.5

Action                     |  1- 3 |  4- 6 |  7- 9 | 10-12 | 13-15 || total
---------------------------+-------+-------+-------+-------+-------++-------
  Melee: Dagger            |    11 |     1 |    30 |   172 |   188 ||   402
         Whip              |       |    20 |     9 |       |       ||    29
         Flail             |       |       |    51 |       |       ||    51
         Constrict         |       |       |       |       |    53 ||    53
   Cast: Sting             |    46 |   149 |    38 |    10 |     1 ||   244
         Frozen Ramparts   |       |       |     7 |    12 |     7 ||    26
         Olgreb's Toxic Ra |       |       |    22 |    68 |    67 ||   157
         Mephitic Cloud    |       |       |     6 |    20 |    23 ||    49
         Hailstorm         |       |       |     1 |    10 |     7 ||    18
         Sticky Flame      |       |       |       |    11 |    11 ||    22
         Arcjolt           |       |       |       |     7 |    12 ||    19
         Plasma Beam       |       |       |       |       |   104 ||   104
         Freezing Cloud    |       |       |       |       |    12 ||    12
  Evoke: Wand              |       |       |     1 |    18 |    17 ||    36
         Phial of floods   |       |       |       |       |     1 ||     1
         Condenser vane    |       |       |       |       |     1 ||     1
    Use: Scroll            |     2 |       |     2 |     4 |     7 ||    15
         Potion            |     1 |       |     1 |     2 |     3 ||     7
   Stab: Sleeping          |     1 |       |       |     1 |     2 ||     4
         Paralysed         |       |       |     1 |       |       ||     1
         Confused          |       |       |       |     2 |     5 ||     7
 Armour: Robe              |    29 |       |       |   178 |   275 ||   482
         Animal skin       |       |    55 |   113 |    41 |       ||   209
  Dodge: Dodged            |    18 |    38 |    42 |    83 |    92 ||   273
         Repelled          |       |       |     2 |     6 |     8 ||    16
  Block: Buckler           |       |       |       |       |    31 ||    31

Table legend: (Time is in decaauts)
 A = Elapsed time spent in this place.
 B = Non-inter-level travel time spent in this place.
 C = Inter-level travel time spent in this place.
 D = Time resting spent in this place.
 E = Time spent auto-exploring this place.
 F = Levels seen in this place.
 G = Mean time per level.
                   A        B        C        D        E       F      G
               +--------+--------+--------+--------+--------+-----+--------+
         Total |  23652 |  22436 |   1216 |   1596 |  17604 |  19 | 1244.8 |
       Dungeon |  12880 |  12132 |    748 |    246 |  10049 |  10 | 1288.0 |
        Temple |     63 |     42 |     21 |      0 |     19 |   1 |   63.0 |
          Lair |   7646 |   7427 |    219 |    397 |   6025 |   5 | 1529.2 |
  Orcish Mines |   2982 |   2755 |    227 |    953 |   1508 |   2 | 1491.0 |
   Elven Halls |     79 |     79 |      0 |      0 |      3 |   1 |   79.0 |
               +--------+--------+--------+--------+--------+-----+--------+

Top non-repeatable levels by time:
   Orc:2: 1984 daAuts
    D:10: 1692 daAuts
  Lair:1: 1688 daAuts
  Lair:5: 1655 daAuts
  Lair:2: 1604 daAuts
  Lair:4: 1559 daAuts
     D:6: 1553 daAuts
     D:9: 1456 daAuts
     D:5: 1412 daAuts
     D:4: 1373 daAuts
     D:1: 1312 daAuts
  Lair:3: 1137 daAuts
     D:3: 1102 daAuts
     D:8: 1076 daAuts
     D:7: 1007 daAuts
